 Dungeon Crawl Stone Soup version 0.29-a0-973-gac7da5f7f0 (webtiles) character file.

Game seed: 13310727789808468655

42407 jt the Tortoise (level 14, -6/75 HPs)
             Began as a Meteoran Abyssal Knight on July 31, 2022.
             Was a Priest of Lugonu.
             Mangled by a redback (15 damage)
             ... on level 1 of the Spider Nest.
             The game lasted 00:52:48 (7129 turns).

jt the Tortoise (Meteoran Abyssal Knight)           Turns: 7129, Time: 00:52:49

Health: -6/75      AC: 21    Str: 14 (15) XL:     14   Next: 97%
Magic:  20/21      EV:  7    Int: 15 (16) God:    Lugonu [***...]
Gold:   454        SH: 10    Dex:  4 (6)  Spells: 13/13 levels left

rFire   . . .      SeeInvis .   a - +1 broad axe (drain)
rCold   + + .      Faith    +   B - +0 kite shield
rNeg    . . .      Spirit   .   W - +3 chain mail {rC+}
rPois   +          Reflect  .   (helmet restricted)
rElec   .          Harm     .   r - +1 cloak
rCorr   .          Rampage  .   d - +1 pair of gloves
Will    ++...                   P - +1 pair of boots
Stlth   ..........              o - amulet of faith
HPRegen 0.00/turn               Z - ring "Fuskubuk" {rC+ Will+ Dex-4 Slay+2}
MPRegen 0.17/turn               I - ring of poison resistance

@: sick, glowing, unable to read, unable to drink
A: sense surroundings 2, otherworldly, glowing, explore regen, hooves 1, horns
1, clever 1, noise suppression, [clumsy 2], [deformed body], [deterioration 2],
[frail 3], [low MP 2], [screaming 2], [weak 2], [subdued magic 2], [inability to
drink while threatened 2], [inability to read while threatened 2]
a: Renounce Religion, Depart the Abyss, Bend Space, Banish


You were on level 1 of the Spider Nest.
You worshipped Lugonu.
Lugonu was most pleased with you.
You visited 4 branches of the dungeon, and saw 18 of its levels.
You visited the Abyss 2 times.

You collected 1587 gold pieces.
You spent 1133 gold pieces at shops.

Inventory:

Hand Weapons
 a - a +1 broad axe of draining (weapon)
 j - a +2 short sword of draining
 k - a +0 trident
 p - a +0 war axe of electrocution
 u - a +0 war axe
 F - a +5 spear
 Q - a +3 spear of venom
 X - the +7 scimitar of the Countless Bones {drain, rF+ rC+ Str+3 Dex+4}
   (You took it off a gnoll on level 1 of the Orcish Mines)

   A truly terrible weapon, it drains the life of any living foe it strikes.
   Str:       It affects your strength (+3).
   Dex:       It affects your dexterity (+4).
   rF:        It protects you from fire.
   rC:        It protects you from cold.
Missiles
 h - 11 boomerangs
 i - 57 stones
 q - 2 throwing nets
 H - 2 atropa-tipped darts
 O - 9 curare-tipped darts
 R - 6 poisoned darts
Armour
 c - a +0 plate armour
 d - a +1 pair of gloves (worn)
 r - a +1 cloak (worn)
 v - a +0 helmet
 B - a +0 kite shield (worn)
 P - a +1 pair of boots (worn)
 S - +0 acid dragon scales
 W - a +3 chain mail of cold resistance (worn)
Jewellery
 b - a ring of flight
 m - a ring of positive energy
 o - an amulet of faith (around neck)
 I - a ring of poison resistance (right hand)
 Z - the ring "Fuskubuk" (left hand) {rC+ Will+ Dex-4 Slay+2}
   (You bought it in a shop on level 2 of the Orcish Mines)

   [ring of willpower]

   Dex:       It affects your dexterity (-4).
   Slay:      It affects your accuracy & damage with ranged weapons and melee
   (+2).
   rC:        It protects you from cold.
   Will:      It increases your willpower.
Wands
 A - a wand of flame (35)
 D - a wand of quicksilver (4)
 E - a wand of charming (3)
 G - a wand of iceblast (6)
 K - a wand of polymorph (7)
Scrolls
 e - a scroll of immolation
 w - a scroll of fog
 y - a scroll of magic mapping
 J - a scroll of brand weapon
 U - a scroll of vulnerability
Potions
 f - 2 potions of mutation
 l - 7 potions of heal wounds
 n - 5 potions of curing
 t - a potion of magic
 x - 4 potions of haste
 C - a potion of lignification
 L - 2 potions of attraction
 M - a potion of flight
 N - a potion of cancellation
 T - a potion of ambrosia
 Y - a potion of might


   Skills:
 + Level 5.8 Fighting
 + Level 14.7 Axes
 - Level 3.3 Throwing
 - Level 16.7 Armour
 - Level 4.0 Dodging
 + Level 11.7 Shields
 + Level 15.3 Invocations
 - Level 9.4 Evocations


You had 13 spell levels left.
You didn't know any spells.
Your spell library contained the following spells:

 Spells                   Type           Power      Damage    Failure   Level
 Slow                     Hex            0%         N/A       99%         1
 Ensorcelled Hibernation  Hex/Ice        0%         N/A       99%         2
 Passwall                 Tmut/Erth      0%         N/A       99%         2
 Confusing Touch          Hex            0%         N/A       100%        3
 Conjure Flame            Conj/Fire      0%         6-21      100%        3
 Gell's Gravitas          Tloc           0%         N/A       100%        3
 Ignite Poison            Fire/Tmut/Pois 0%         N/A       100%        3
 Summon Guardian Golem    Hex/Summ       0%         N/A       100%        3
 Swiftness                Air            0%         N/A       100%        3
 Teleport Other           Tloc           0%         N/A       100%        3
 Vampiric Draining        Necr           0%         2d6       100%        3
 Passage of Golubria      Tloc           0%         N/A       100%        4
 Sticky Flame             Conj/Fire      0%         2d3       100%        4
 Fireball                 Conj/Fire      0%         3d3       100%        5
 Silence                  Hex/Air        0%         N/A       100%        5
 Dispersal                Tloc           0%         N/A       100%        6
 Starburst                Conj/Fire      0%         6d3       100%        6
 Orb of Destruction       Conj           0%         9d5       100%        7
 Spellforged Servitor     Conj/Summ      0%         N/A       100%        7
 Ignition                 Fire           0%         3d3       100%        8
 Lehudib's Crystal Spear  Conj/Erth      0%         10d2      100%        8


Dungeon Overview and Level Annotations

Branches:
Dungeon (11/15) Zot: 2477  Temple (0/1) D:4            Lair (4/5) D:8 Zot: 830
  Swamp (0/4) Lair:2       Spider (1/4) Lair:3 Zot: 390     Orc (2/2) D:11 Zot: 54
    Elf (0/3) Orc:2
  Slime: Lair:4-5

Altars:
Ashenzari
Gozag
Sif Muna
Yredelemnul
The Shining One

Shops:
D:4 (   D:5 **=!   D:8 *   D:10 [   Orc:2 :=![

Annotations:
Lair:2 swamp entrance
Lair:3 exclusion: hydra
Abyss:1 Grinder


Innate Abilities, Weirdness & Mutations

You passively map the area around you.
You are easily found by Zot.
You glow in the dark.
You regain HP and MP as you explore.
You have large cloven feet.
You have a pair of small horns on your head.
Your mind is acute. (Int +4, Str/Dex -1)
You passively dampen the noise of your surroundings.
[You are very clumsy. (Dex -4)]
[Armour fits poorly on your strangely shaped body.]
[Your body often deteriorates upon taking damage.]
[You are extremely frail. (-30% HP)]
[Your magical capacity is very low. (-20% MP)]
[You frequently scream uncontrollably at your foes.]
[You are very weak. (Str -4)]
[Your spells are easier to cast, but less powerful.]
[You sometimes lose the ability to drink potions when taking damage.]
[You sometimes lose the ability to read scrolls when taking damage.]


Message History

The redback bites you but does no damage.
The culicivora is engulfed in poison gas.
The culicivora is poisoned.
You block the moth of wrath's attack.
The redback bites you but does no damage.
The culicivora is engulfed in poison gas.
The culicivora looks even sicker.
Unknown command.
You barely miss the redback. You barely miss the moth of wrath.
The redback bites you!!
* * * LOW HITPOINT WARNING * * *
The moth of wrath bites you!
* * * LOW HITPOINT WARNING * * *
The redback barely misses you.
The culicivora is engulfed in poison gas.
The culicivora looks even sicker.
Space bends violently around you!
You blink.
The culicivora is engulfed in poison gas.
The culicivora looks as sick as possible!
The redback is engulfed in poison gas.
The redback is poisoned.
The moth of wrath is engulfed in poison gas.
The moth of wrath is poisoned.
The culicivora is engulfed in poison gas.
The culicivora looks as sick as possible!
You cannot drink potions in your current state!
Unknown command.
Press: ? - help, v - describe, . - travel
Here: a moth of wrath (poison gas, lightly wounded, poisoned)
The floor.
Aiming: Iceblast
Press: ? - help, Shift-Dir - straight line, f - redback
Aim: a redback (poison gas, lightly wounded, berserk, poisoned)
The mass of ice explodes!
The iceblast engulfs the redback!
The redback is moderately wounded.
The iceblast engulfs the moth of wrath!!
The moth of wrath is severely wounded.
You hear a faint skittering sound.
The redback is engulfed in poison gas.
The redback looks even sicker.
The redback is engulfed in poison gas.
The redback looks even sicker.
The redback bites you!
You die...

, , * ### * *, ## #.## , ,,
* .### ##.# ,, * , ,,
**..^###.## *,, , ,
...#...## ^ * ,##§§§#..†.# ,
,,##. ,###§§§##..######### *
#.., #.#§§§#...#...#.#.# ,
#..###.#@☼##..##..##.#.# ,.
....#§§s§#.....###....# ***
.. ###..#§y§###††###....#.#
,
#..#....#§§☼#....#.#....###
,
,,#..........§#....#.#..####
#......s§§§§#...##.#.....#,
#.....§§§§§###.^#^......#..#
**
####.§§§####.#.......^.#####
^ .....####
#^.#.##....###.^..


You could see a moth of wrath (poisoned), a culicivora (extremely poisoned) and
a redback (berserk, very poisoned).

Vanquished Creatures
  A purple draconian (Abyss:1)
  2 boulder beetles
  An ogre mage (Orc:1)
  A two-headed ogre (Orc:1)
  4 orc high priests
  A pharaoh ant (Spider:1)
  A sun moth (Spider:1)
  A deep elf archer (Orc:1)
  3 orc knights
  2 orc sorcerers
  A wolf spider (Spider:1)
  A deep elf pyromancer (Orc:1)
  A moth of wrath (Spider:1)
  A worldbinder (Abyss:1)
  5 elephants
  2 black mambas
  3 torpor snails
  A cane toad (Lair:1)
  2 kobold demonologists (D:11)
  6 komodo dragons
  2 trolls
  A tyrant leech (Lair:2)
  2 tarantellas (Spider:1)
  4 hornets
  3 slime creatures
  10 blink frogs
  2 raiju (Abyss:1)
  Sigmund (D:6)
  A wraith (D:10)
  A large abomination (Abyss:1)
  19 yaks
  A shadow (Abyss:1)
  A wyvern (D:8)
  2 small abominations (Abyss:1)
  10 redbacks (Spider:1)
  2 steam dragons
  3 wargs (Orc:1)
  A swamp worm (Lair:2)
  2 acid dragons (D:11)
  6 water moccasins
  A hornet zombie (D:8)
  3 sky beasts
  15 orc warriors
  2 black bears
  5 ogres
  7 wolves
  A phantom (D:7)
  3 kobold brigands
  Blork the orc (D:4)
  12 bullfrogs
  3 gnoll sergeants
  A scorpion (D:5)
  A wight (D:8)
  9 killer bees
  3 centaur zombies (D:8)
  A human zombie (D:8)
  14 orc priests
  4 jellies
  A gnoll bouda (D:7)
  2 iguanas (D:5)
  14 orc wizards
  A killer bee zombie (D:8)
  4 mummies (D:8)
  A howler monkey zombie (D:8)
  21 gnolls
  6 adders
  A shadow imp (D:6)
  A white imp (D:8)
  2 ufetubi
  A worm (D:2)
  A dart slug (D:1)
  47 orcs
  A bat (D:2)
  5 endoplasms
  2 giant cockroaches
  4 goblins
  A hobgoblin (D:4)
  5 quokkas
  6 ball pythons
  4 frilled lizards
  13 kobolds
  6 rats
350 creatures vanquished.

Vanquished Creatures (collateral kills)
  An orc warrior (Orc:2)
  An orc (Orc:2)
2 creatures vanquished.

Vanquished Creatures (others)
  An orc warrior (Orc:2)
  18 fungi
  24 plants
  2 toadstools (Lair:4)
45 creatures vanquished.

Grand Total: 397 creatures vanquished

Notes
Turn   | Place    | Note
-------+----------+-------------------------------------------
     0 | Abyss:1  | jt the Meteoran Abyssal Knight began the quest for the Orb.
     0 | Abyss:1  | Reached XP level 1. HP: 19/19 MP: 3/3
     1 | D:1      | Escaped the Abyss
    42 | D:1      | Reached XP level 2. HP: 26/26 MP: 4/4
   202 | D:2      | Reached XP level 3. HP: 26/31 MP: 5/5
   237 | D:2      | Reached *** piety under Lugonu
   294 | D:3      | Reached XP level 4. HP: 38/38 MP: 6/6
   355 | D:4      | Noticed Grinder
   355 | D:4      | Noticed Blork the orc
   364 | D:4      | Banished Grinder
   365 | D:4      | Reached XP level 5. HP: 35/45 MP: 2/9
   365 | D:4      | Reached XP level 6. HP: 40/51 MP: 2/10
   413 | D:4      | Gained mutation: You have large cloven feet. [potion of
                  | mutation]
   413 | D:4      | Gained mutation: Your mind is acute. (Int +4, Str/Dex -1)
                  | [potion of mutation]
   413 | D:4      | Gained mutation: You passively dampen the noise of your
                  | surroundings. [potion of mutation]
   413 | D:4      | Gained mutation: You have a pair of small horns on your
                  | head. [potion of mutation]
   415 | D:4      | Killed Blork the orc
   415 | D:4      | HP: 1/51 [spore (31)]
   416 | D:4      | Reached skill level 5 in Invocations
   416 | D:4      | Reached XP level 7. HP: 2/57 MP: 10/12
   427 | D:4      | Found Muk Hob's Antique Weapon Shop.
   524 | D:3      | Found a broken altar of Ashenzari.
   584 | D:5      | Entered Level 5 of the Dungeon
   717 | D:5      | Reached skill level 3 in Armour
   816 | D:4      | Found a staircase to the Ecumenical Temple.
   992 | D:6      | Reached skill level 4 in Armour
   992 | D:6      | Reached XP level 8. HP: 63/63 MP: 13/13
  1023 | D:5      | Found Numeba's Distillery.
  1032 | D:5      | Reached **** piety under Lugonu
  1033 | D:5      | Bought a potion of haste for 140 gold pieces
  1035 | D:5      | Found Tueps's Jewellery Shoppe.
  1168 | D:5      | Found Ireiguge's Assorted Antiques.
  1171 | D:5      | Bought a scroll labelled VAYBLU ORAIWN for 17 gold pieces
  1205 | D:5      | Found Iklug's General Store.
  1419 | D:7      | Reached skill level 5 in Armour
  1424 | D:7      | Noticed a slime creature
  1428 | D:7      | Noticed a troll
  1430 | D:7      | Banished a troll
  1431 | D:7      | Gained mutation: You passively map the area around you.
                  | [Meteoran growth]
  1431 | D:7      | Reached XP level 9. HP: 40/70 MP: 9/15
  1431 | D:7      | Banished a slime creature
  1432 | D:7      | Reached skill level 6 in Armour
  1474 | D:7      | Noticed a hornet
  1480 | D:7      | Killed a hornet
  1613 | D:6      | Reached skill level 1 in Shields
  1628 | D:6      | Noticed Sigmund
  1633 | D:6      | Killed Sigmund
  1823 | D:5      | Bought a long iron wand for 68 gold pieces
  1823 | D:5      | Bought a scroll labelled ZAUVVA SAJUXYU for 17 gold pieces
  1823 | D:5      | Bought a murky green potion for 15 gold pieces
  1823 | D:5      | Bought a dark potion for 15 gold pieces
  1997 | D:8      | Reached XP level 10. HP: 74/77 MP: 18/18
  1999 | D:8      | Reached skill level 7 in Armour
  2030 | D:8      | Reached skill level 10 in Axes
  2106 | D:8      | Reached skill level 10 in Invocations
  2203 | D:8      | Found an opulent altar of Gozag.
  2251 | D:8      | Reached skill level 8 in Armour
  2338 | D:8      | Noticed a two-headed ogre
  2339 | D:8      | Banished a two-headed ogre
  2340 | D:8      | Reached skill level 9 in Armour
  2348 | D:8      | Banished a large slime creature
  2349 | D:8      | Reached skill level 5 in Shields
  2416 | D:8      | Found Osobbir's Assorted Antiques.
  2484 | D:9      | Reached XP level 11. HP: 37/82 MP: 20/20
  2707 | D:8      | Found a staircase to the Lair.
  2716 | Lair:1   | Entered Level 1 of the Lair of Beasts
  2747 | Lair:1   | Reached skill level 10 in Armour
  2940 | Lair:1   | Noticed a six-headed hydra
  2943 | Lair:1   | Banished a six-headed hydra
  2944 | Lair:1   | Reached skill level 11 in Armour
  2980 | Lair:2   | Reached skill level 5 in Evocations
  3324 | Lair:3   | Noticed an elephant
  3324 | Lair:3   | Noticed an elephant
  3325 | Lair:3   | Noticed an elephant
  3325 | Lair:3   | Noticed an elephant
  3342 | Lair:3   | Killed an elephant
  3343 | Lair:3   | Reached XP level 12. HP: 89/89 MP: 22/22
  3357 | Lair:3   | Reached skill level 12 in Armour
  3476 | Lair:3   | Found a hole to the Spider Nest.
  3512 | Lair:4   | Noticed a seven-headed hydra
  3517 | Lair:4   | Banished a seven-headed hydra
  3518 | Lair:4   | Noticed a boulder beetle
  3521 | Lair:4   | Banished a boulder beetle
  3544 | Lair:4   | Reached skill level 13 in Armour
  3646 | Lair:3   | Noticed a seven-headed hydra
  3848 | Lair:2   | Found a staircase to the Swamp.
  3869 | Lair:2   | Noticed a boulder beetle
  3889 | Lair:2   | Killed a boulder beetle
  3890 | Lair:2   | Reached XP level 13. HP: 62/94 MP: 23/23
  4158 | D:8      | Found a basalt altar of Yredelemnul.
  4338 | D:10     | Entered Level 10 of the Dungeon
  4350 | D:10     | Reached skill level 14 in Armour
  4386 | D:10     | Noticed a two-headed ogre
  4391 | D:10     | Banished a two-headed ogre
  4603 | D:10     | Found Cilotwew's Armour Emporium.
  4681 | D:10     | Found a glowing golden altar of the Shining One.
  4718 | D:11     | Reached ***** piety under Lugonu
  4956 | D:9      | Found a shimmering blue altar of Sif Muna.
  5285 | D:11     | Reached skill level 1 in Throwing
  5293 | D:11     | Found a staircase to the Orcish Mines.
  5345 | Orc:1    | Entered Level 1 of the Orcish Mines
  5394 | Orc:1    | Reached skill level 10 in Shields
  5476 | Orc:1    | Identified the +7 scimitar of the Countless Bones {drain,
                  | rF+ rC+ Str+3 Dex+4}
  5490 | Orc:1    | HP: 1/92 [deep elf pyromancer/bolt of fire (30)]
  5579 | Orc:1    | Reached skill level 15 in Armour
  5594 | Orc:1    | Noticed an ogre mage
  5605 | Orc:1    | Killed an ogre mage
  5617 | Orc:1    | Noticed an orc warlord
  5621 | Orc:1    | Banished an orc warlord
  5695 | Orc:2    | Entered Level 2 of the Orcish Mines
  5724 | Orc:2    | Reached XP level 14. HP: 102/102 MP: 25/25
  5810 | Orc:2    | Found a staircase to the Elven Halls.
  5897 | Orc:2    | Noticed Sonja
  5900 | Orc:2    | Noticed Sonja
  5900 | Orc:2    | Sonja changed into Sonja the hornet
  5907 | Orc:2    | Killed Sonja the hornet
  6162 | Orc:2    | Reached ****** piety under Lugonu
  6188 | Orc:2    | Paralysed by an orc sorcerer for 5 turns
  6320 | Orc:2    | Paralysed by an orc sorcerer for 4 turns
  6402 | Orc:2    | Reached skill level 16 in Armour
  6402 | Orc:2    | Found Xuplid's Armour Emporium.
  6402 | Orc:2    | Found Guezob's Distillery.
  6404 | Orc:2    | Found Neqatt's Jewellery Emporium.
  6404 | Orc:2    | Found Elyrchuot's Book Boutique.
  6415 | Orc:2    | Bought a potion of curing for 36 gold pieces
  6415 | Orc:2    | Bought a potion of magic for 96 gold pieces
  6415 | Orc:2    | Bought a potion of heal wounds for 60 gold pieces
  6415 | Orc:2    | Bought a potion of curing for 36 gold pieces
  6415 | Orc:2    | Bought a potion of might for 48 gold pieces
  6418 | Orc:2    | Bought the ring "Fuskubuk" {rC+ Will+ Dex-4 Slay+2} for 585
                  | gold pieces
  6434 | Orc:2    | Glimpsed the power of Zot.
  6708 | Spider:1 | Entered Level 1 of the Spider Nest
  6799 | Spider:1 | Reached skill level 15 in Invocations
  6875 | Spider:1 | Noticed an entropy weaver
  6878 | Spider:1 | Reached skill level 5 in Fighting
  6948 | Abyss:1  | Found a shimmering altar of Xom.
  6948 | Abyss:1  | Found a shimmering altar of Xom.
  6993 | Abyss:1  | Noticed a purple draconian
  7034 | Abyss:1  | Noticed a tentacled monstrosity
  7035 | Abyss:1  | Killed a purple draconian
  7118 | Abyss:1  | Noticed a deep elf elementalist
  7123 | Spider:1 | Escaped the Abyss
  7129 | Spider:1 | Mangled by a redback

Illustrated notes

Levels and vault maps discovered:
D:1:      onia_arrival_handbag, layout_basic,
          shapermc_ecumenical_altar_hornbeckon, minmay_strange_pillars,
          solitary_fountain, hangedman_decor_points
D:2:      minmay_recursive_quarters, layout_basic, basic_altar
D:3:      layout_loops_ring, nicolae_overflow_hidden_temple
D:4:      layout_cave_pools, minmay_temple_entry_grid, serial_shops,
          nicolae_shop_hallway_plus, uniq_grinder, uniq_blork_the_orc
D:5:      layout_basic, serial_shops, kennysheep_mini,
          nicolae_shop_hallway_plus, shop_fountains, kennysheep_mini_moat
D:6:      layout_loops_ring, uniq_sigmund
D:7:      layout_basic, minmay_manual_moon
D:8:      layout_basic, amcnicky_altar_gilded,
          lemuel_mausoleum_altar_yredelemnul, dpeg_oklobed_lair, serial_shops,
          nicolae_shop_overgrown_old_shop
D:9:      layout_small_grid, mainiacjoe_overflow_alcove_2,
          serial_co_window_serial, co_window_of_opportunity_a,
          co_window_corner_a, co_window_paths_a, co_window_paths_a,
          co_window_paths_b, co_window_cross_1, co_window_paths_a,
          co_window_corner_cb, co_window_broadway_a, co_window_unsneaky_path_a,
          co_window_of_opportunity_b, co_window_unsneaky_path_e,
          co_window_corner_cb, co_window_of_opportunity_b
D:10:     layout_loops_ring, nicolae_tso_swordbearing_angel, serial_shops,
          shop_fountains
D:11:     layout_small_grid, david_orc_2
Lair:1:   layout_regular_city, beast_lair_carwin_5
Lair:2:   layout_gridlike, minmay_swamp_entry_worms, nzn_sisyphean_effort,
          grunt_megastairs_2, lemuel_fruit_tree
Lair:3:   layout_roguey, dummy_spider_entry, chequers_serial_rivers_small_3,
          grunt_forest_stairs_clearing
Lair:4:   gammafunk_lair_enchanted_lake, layout_small_grid, grunt_megastairs_4
Spider:1: layout_spider_delve
Orc:1:    layout_caves, basic_altar, elf_legates
Orc:2:    grunt_orc_tribal_feast, layout_caves, uniq_sonja

Skill      XL: |  1  2  3  4  5  6  7  8  9 10 11 12 13 14 |
---------------+-------------------------------------------+-----
Axes           | 3 4 6 7 8 9 11 12 13 14 | 14.7
Invocations    | 4 5 6 7 9 11 12 13 14 15 | 15.3
Armour         | 4 5 6 9 11 13 15 16 | 16.7
Shields        | 2 5 7 9 10 11 | 11.7
Evocations     | 3 5 7 9 |  9.4
Throwing       | 3 |  3.3
Dodging        | 4 |  4.0
Fighting       | 5 |  5.8

Action                   |  1- 3 |  4- 6 |  7- 9 | 10-12 | 13-15 || total
-------------------------+-------+-------+-------+-------+-------++-------
Melee: Hand axe          |    53 |    24 |    81 |       |       ||   158
       Punch             |       |     1 |     3 |     2 |       ||     6
       Kick              |       |       |    51 |   114 |    47 ||   212
       Headbutt          |       |       |    29 |    63 |   166 ||   258
       Broad axe         |       |       |   107 |   351 |   633 ||  1091
Throw: Boomerang         |       |       |     6 |     3 |       ||     9
       Throwing net      |       |       |     1 |       |       ||     1
       Dart              |       |       |       |       |    11 ||    11
Invok: Banish            |       |     1 |     2 |    17 |    13 ||    33
       Bend Space        |       |       |     3 |    11 |    11 ||    25
       Depart the Abyss  |       |       |       |       |     1 ||     1
       Enter the Abyss   |       |       |       |       |     1 ||     1
Evoke: Wand              |       |       |       |     9 |    18 ||    27
  Use: Potion            |     1 |     3 |       |     4 |     5 ||    13
       Scroll            |       |     3 |     7 |     6 |     8 ||    24
Armor: Leather armour    |     7 |       |       |       |       ||     7
       Chain mail        |    13 |    17 |     1 |       |   214 ||   245
       Plate armour      |       |       |   162 |   223 |   174 ||   559
       Skin              |       |       |       |    56 |       ||    56
Dodge: Dodged            |    16 |    12 |    43 |    87 |   140 ||   298
Block: Kite shield       |       |       |       |   142 |   378 ||   520

Table legend: (Time is in decaauts)
 A = Elapsed time spent in this place.
 B = Non-inter-level travel time spent in this place.
 C = Inter-level travel time spent in this place.
 D = Time resting spent in this place.
 E = Time spent auto-exploring this place.
 F = Levels seen in this place.
 G = Mean time per level.
                   A        B        C        D        E       F      G
               +--------+--------+--------+--------+--------+-----+--------+
         Total |   7251 |   6596 |    655 |     10 |      0 |  20 |  362.5 |
       Dungeon |   4122 |   3779 |    343 |      0 |      0 |  11 |  374.7 |
          Lair |   1569 |   1355 |    214 |      0 |      0 |   4 |  392.2 |
   Spider Nest |    208 |    208 |      0 |      0 |      0 |   1 |  208.0 |
  Orcish Mines |   1145 |   1047 |     98 |     10 |      0 |   2 |  572.5 |
         Abyss |    205 |    205 |      0 |      0 |      0 |   2 |  102.5 |
               +--------+--------+--------+--------+--------+-----+--------+

Top non-repeatable levels by time:
     D:8: 828 daAuts
   Orc:2: 664 daAuts
    D:10: 573 daAuts
     D:5: 563 daAuts
  Lair:1: 502 daAuts
   Orc:1: 480 daAuts
  Lair:3: 432 daAuts
  Lair:2: 427 daAuts
     D:9: 412 daAuts
     D:4: 403 daAuts
     D:7: 355 daAuts
     D:6: 346 daAuts
    D:11: 301 daAuts
Spider:1: 208 daAuts
  Lair:4: 207 daAuts
